 Dungeon Sprint DCSS version 0.27-a0-1248-g57ac2eb73c (webtiles) character file.

Game seed: 1036093508525813504

2065 27snakeeyes612 the Cleaver (level 9, -10/96 HPs)
             Began as a Minotaur Berserker on June 10, 2021.
             Was a High Priest of Trog.
             Mangled by a ten-headed hydra (11 damage)
             ... in the Dungeon (Sprint IX: "|||||||||||||||||||||||||||||").
             The game lasted 00:01:14 (567 turns).

27snakeeyes612 the Cleaver (Minotaur Berserker)      Turns: 567, Time: 00:01:15

Health: -10/96     AC: 15    Str: 25    XL:     9   Next: 5%
Magic:  8/8        EV: 11    Int:  4    God:    Trog [*****.]
Gold:   0          SH:  0    Dex: 10    Spells: 8/8 levels left

rFire    . . .     SeeInvis .   m - +3 war axe (freeze)
rCold    . . .     Faith    .   (no shield)
rNeg     . . .     Spirit   .   p - +1 chain mail
rPois    .         Reflect  .   (helmet restricted)
rElec    .         Harm     .   n - +0 cloak
rCorr    .         Rampage  .   (no gloves)
Will     .....     NoTele   +   o - +0 pair of boots
Stlth    ..........             (no amulet)
HPRegen  0.26/turn              (no ring)
MPRegen  0.11/turn              (no ring)

@: on berserk cooldown, slowed, very slow
A: horns 2, retaliatory headbutt
a: Renounce Religion, Berserk, Trog's Hand, Brothers in Arms


You were in the Dungeon.
You worshipped Trog.
Trog was extremely pleased with you.
You visited 1 branch

Inventory:

Hand Weapons
 a - a +0 hand axe
 m - a +3 war axe of freezing (weapon)
Armour
 b - a +0 animal skin
 n - a +0 cloak (worn)
 o - a +0 pair of boots (worn)
 p - a +1 chain mail (worn)
Jewellery
 k - a +3 ring of dexterity
 l - a +2 ring of protection
Wands
 j - a wand of iceblast (10)
Scrolls
 h - 2 scrolls of blinking
Potions
 c - 5 potions of curing
 d - 3 potions of heal wounds
 e - a potion of haste
 f - 4 potions of magic
 g - a potion of berserk rage
 i - a potion of invisibility


   Skills:
 + Level 14.4 Fighting
 + Level 14.9 Axes
 + Level 10.0 Armour
 + Level 7.3 Dodging


You had 8 spell levels left.
You didn't know any spells.
Your spell library was empty.

Dungeon Overview and Level Annotations

Branches:
Dungeon (1/1)

Altars:
Cheibriados
Dithmenos
Elyvilon
Fedhas
Gozag
Hepliaklqana
Kikubaaqudgha
Makhleb
Nemelex Xobeh
Okawaru
Qazlal
Ru
Sif Muna
Trog
Uskayaw
Vehumet
Wu Jian
Xom
Yredelemnul
Zin
The Shining One
Beogh
Jiyva
Lugonu


Innate Abilities, Weirdness & Mutations

You have a pair of horns on your head.
You reflexively headbutt those who attack you in melee.


Message History

The nine-headed hydra is heavily wounded.
Your chain mail prevents you from hitting the nine-headed hydra.
The nine-headed hydra is heavily wounded.
You barely miss the nine-headed hydra.
The nine-headed hydra is heavily wounded.
The nine-headed hydra bites you but does no damage.
The nine-headed hydra bites you! x2
The nine-headed hydra barely misses you.
The nine-headed hydra bites you.
The nine-headed hydra closely misses you.
The nine-headed hydra bites you! The nine-headed hydra bites you.
The nine-headed hydra bites you but does no damage.
You barely miss the nine-headed hydra. You headbutt the nine-headed hydra!
The nine-headed hydra is severely wounded.
You completely miss the nine-headed hydra.
The nine-headed hydra is severely wounded.
You are no longer berserk.
You are exhausted.
You feel yourself slow down.
The nine-headed hydra is no longer moving slowly.
You chop one of the nine-headed hydra's heads off!
The eight-headed hydra grows two more!
You slash the ten-headed hydra! You freeze the ten-headed hydra.
The ten-headed hydra is severely wounded.
Your skin stops crawling.
You feel less strong-willed. The ten-headed hydra barely misses you.
You furiously retaliate!
You headbutt the ten-headed hydra. The ten-headed hydra bites you.
The ten-headed hydra bites you but does no damage. x2
The ten-headed hydra barely misses you. The ten-headed hydra bites you!
* * * LOW HITPOINT WARNING * * *
The ten-headed hydra bites you.
* * * LOW HITPOINT WARNING * * *
The ten-headed hydra bites you but does no damage. x2
The ten-headed hydra bites you!
* * * LOW HITPOINT WARNING * * *
The ten-headed hydra bites you!
* * * LOW HITPOINT WARNING * * *
The ten-headed hydra bites you but does no damage.
The ten-headed hydra bites you!
You die... ▓▓▓▓▓▓▓▓▓▓▓▓▓▓▓▓▓▓▓▓▓▓▓ +...hD@))...))'......)? ▓▓▓▓▓▓▓▓▓▓▓▓▓▓▓▓▓▓▓▓▓▓▓

You could see a ten-headed hydra and a howler monkey.

Vanquished Creatures
  A centaur warrior (D)
  A gargoyle (D)
  2 trolls (D)
  A wyvern (D)
  A vampire (D)
  An acid dragon (D)
  An ogre (D)
  A phantom (D)
  A gnoll sergeant (D)
  An orc priest (D)
  An adder (D)
  An adder skeleton (D)
  A dart slug (D)
  A ball python (D)
  A bat skeleton (D)
  A bat zombie (D)
  An endoplasm (D)
  A kobold (D)
  A rat (D)
20 creatures vanquished.

Notes
Turn   | Place    | Note
-------+----------+-------------------------------------------
     0 | D        | 27snakeeyes612 the Minotaur Berserker began the quest for
                  | the Orb.
     0 | D        | Reached XP level 1. HP: 19/19 MP: 0/0
     6 | D        | Banished a spatial maelstrom
     7 | D        | Reached ** piety under Trog
    16 | D        | Noticed an ogre
    16 | D        | Noticed a phantom
    23 | D        | Killed a phantom
    24 | D        | Reached XP level 2. HP: 26/34 MP: 1/1
    24 | D        | Reached XP level 3. HP: 29/39 MP: 2/2
    24 | D        | Reached XP level 4. HP: 36/47 MP: 3/3
    25 | D        | Killed an ogre
    25 | D        | Reached *** piety under Trog
    26 | D        | Reached XP level 5. HP: 45/56 MP: 4/4
    68 | D        | Found a snail-covered altar of Cheibriados.
    68 | D        | Found a shadowy altar of Dithmenos.
    68 | D        | Found a white marble altar of Elyvilon.
    68 | D        | Found a blossoming altar of Fedhas.
    68 | D        | Found an opulent altar of Gozag.
    69 | D        | Found a hazy altar of Hepliaklqana.
    70 | D        | Found a viscous altar of Jiyva.
    71 | D        | Found an ancient bone altar of Kikubaaqudgha.
    72 | D        | Found a corrupted altar of Lugonu.
    73 | D        | Found a burning altar of Makhleb.
    74 | D        | Found a sparkling altar of Nemelex Xobeh.
    82 | D        | Found an iron altar of Okawaru.
    83 | D        | Found a stormy altar of Qazlal.
    84 | D        | Found a sacrificial altar of Ru.
    85 | D        | Found a shimmering blue altar of Sif Muna.
    88 | D        | Found a bloodstained altar of Trog.
    89 | D        | Found a hide-covered altar of Uskayaw.
    90 | D        | Found a radiant altar of Vehumet.
    91 | D        | Found an ornate altar of the Wu Jian Council.
    92 | D        | Found a shimmering altar of Xom.
    93 | D        | Found a basalt altar of Yredelemnul.
    94 | D        | Found a glowing silver altar of Zin.
    95 | D        | Found a glowing golden altar of the Shining One.
   172 | D        | Noticed an acid dragon
   172 | D        | Noticed a wyvern
   172 | D        | Noticed a vampire
   178 | D        | Reached **** piety under Trog
   179 | D        | Reached skill level 5 in Armour
   179 | D        | Reached skill level 5 in Dodging
   184 | D        | Killed a vampire
   185 | D        | Reached skill level 10 in Fighting
   185 | D        | Reached skill level 10 in Axes
   185 | D        | Reached XP level 6. HP: 49/67 MP: 5/5
   190 | D        | Killed a wyvern
   190 | D        | Reached ***** piety under Trog
   191 | D        | Reached XP level 7. HP: 20/74 MP: 6/6
   191 | D        | HP: 3/74 [acid (11)]
   194 | D        | HP: 1/74 [acid dragon (3)]
   540 | D        | Noticed a seven-headed hydra
   540 | D        | Noticed a centaur warrior
   540 | D        | Noticed a troll
   540 | D        | Noticed a troll
   540 | D        | Noticed a gargoyle
   546 | D        | Killed a gargoyle
   550 | D        | Killed a troll
   550 | D        | Received a gift from Trog
   551 | D        | Reached XP level 8. HP: 86/86 MP: 7/7
   553 | D        | Killed a troll
   559 | D        | Killed a centaur warrior
   560 | D        | Reached skill level 10 in Armour
   560 | D        | Reached XP level 9. HP: 96/96 MP: 8/8
   567 | D        | HP: 1/96 [ten-headed hydra (9)]
   567 | D        | Mangled by a ten-headed hydra

Illustrated notes

Levels and vault maps discovered:
D:        linesprint [early_d, line_temple, items_1, d_10, items_2, lair_1,
          lair_end, items_3, orc_1, orc_end, items_4, d_15, swamp_1, shoals_1,
          snake_1, spider_1, d_20, vaults_1, items_5, swamp_end, shoals_end,
          snake_end, spider_end, vaults_end, d_27, items_6, zot_1, zot_end,
          crypt_end, forest_end, elf_end, slime_end, tomb_end, abyss_end,
          pan_hell_end]

Skill      XL: |  1  2  3  4  5  6  7  8 |
---------------+-------------------------+-----
Fighting       | 7 8 10 11 13 14 | 14.4
Axes           | 7 8 10 11 13 14 | 14.9
Armour         | 4 6 8 10 | 10.0
Dodging        | 3 4 5 6 7 |  7.3

Action                   |  1- 3 |  4- 6 |  7- 9 || total
-------------------------+-------+-------+-------++-------
Melee: Hand axe          |    11 |     4 |       ||    15
       Headbutt          |     2 |     6 |     7 ||    15
       War axe           |       |    14 |    29 ||    43
Invok: Trog's Hand       |     1 |     2 |     1 ||     4
       Berserk           |     1 |     1 |     1 ||     3
Armor: Animal skin       |     3 |       |       ||     3
       Chain mail        |       |     7 |    24 ||    31
Dodge: Dodged            |     5 |     5 |    13 ||    23

Table legend: (Time is in decaauts)
 A = Elapsed time spent in this place.
 B = Non-inter-level travel time spent in this place.
 C = Inter-level travel time spent in this place.
 D = Time resting spent in this place.
 E = Time spent auto-exploring this place.
 F = Levels seen in this place.
 G = Mean time per level.
                   A        B        C        D        E       F      G
               +--------+--------+--------+--------+--------+-----+--------+
         Total |    566 |    566 |      0 |    383 |      0 |   1 |  566.0 |
       Dungeon |    566 |    566 |      0 |    383 |      0 |   1 |  566.0 |
               +--------+--------+--------+--------+--------+-----+--------+

Top non-repeatable levels by time:
       D: 566 daAuts
